 Dungeon Crawl Stone Soup version 0.31-a0-435-g2c6fae2916 (webtiles) character file.

Game seed: 13639576461130252036

121 CraigForest the Shield-Bearer (level 5, -4/40 (42) HPs)
             Began as a Formicid Fighter on Aug 1, 2023.
             Was a Follower of Makhleb.
             Slain by a gnoll
             ... wielding a +0 flail
              (6 damage)
             ... on level 4 of the Dungeon.
             The game lasted 00:08:06 (2463 turns).

CraigForest the Shield-Bearer (Formicid Fighter)    Turns: 2463, Time: 00:08:07

HP:   -4/40 (42)    AC:  8    Str: 27    XL:     5   Next: 26%
MP:   6/6           EV: 10    Int:  6    God:    Makhleb [*.....]
Gold: 83            SH:  5    Dex: 12    Spells: 4/4 levels left

rFire   x . .        u - +1 flail (heavy)
rCold   . . .        c - +0 buckler
rNeg    . . .        b - +0 scale mail
rPois   .            (helmet unavailable)
rElec   .            n - +0 cloak
rCorr   .            (no gloves)
SInv    +            (no boots)
Will    .....        (no amulet) Stlth
                     j - ring of flight
HPRegen 0.26/turn    (no ring)
MPRegen 0.10/turn

%: no passive effects
@: flying, lightly drained
A: permanent stasis, dig shafts and tunnels, antennae 3, four strong arms,
strong 1, heat vulnerability 1, subdued magic 1
a: Dig, Shaft Self, Renounce Religion


You were on level 4 of the Dungeon.
You worshipped Makhleb.
Makhleb was aware of your devotion.
You visited 1 branch of the dungeon, and saw 4 of its levels.

You collected 119 gold pieces.
You spent 36 gold pieces at shops.

Inventory:

Hand Weapons
 a - a +0 war axe
 u - a +1 heavy flail (weapon)
 w - a +0 long sword
Missiles
 f - 6 datura-tipped darts (quivered)
 p - 6 poisoned darts
Armour
 b - a +0 scale mail (worn)
 c - a +0 buckler (worn)
 n - a +0 cloak (worn)
Jewellery
 j - a ring of flight (left hand)
 o - a +5 ring of evasion
 r - a ring of fire
 x - a ring of ice
Scrolls
 g - a scroll of enchant armour {unknown}
 h - a scroll of identify
 k - a scroll of fear {unknown}
 m - a scroll of revelation {unknown}
 q - a scroll of blinking {unknown}
 s - a scroll of vulnerability
 v - a scroll of immolation {unknown}
Potions
 d - 3 potions of might
 e - a potion of attraction
 i - a potion of brilliance
 l - a potion of heal wounds
 t - a potion of curing
 z - a potion of haste {unknown}


   Skills:
 + Level 3.9 Fighting
 + Level 2.9(3.0) Axes
 + Level 0.9(2.1) Maces & Flails
 + Level 4.0 Armour
 + Level 0.5 Dodging
 + Level 4.7 Shields
 * Level 1.4 Invocations


You had 4 spell levels left.
You didn't know any spells.
Your spell library contained the following spells:

 Spells                   Type           Power      Damage    Failure   Level
 Lesser Beckoning         Tloc           0%         N/A       86%         2
 Momentum Strike          Conj/Tloc      0%         3d8       86%         2
 Blink                    Tloc           Unusable   N/A       N/A         2

Dungeon Overview and Level Annotations

Branches:
Dungeon (4/15)
 Temple: D:4-7

Altars:
Dithmenos
Makhleb
Zin

Shops:
D:3 !


Innate Abilities, Weirdness & Mutations

You cannot be hasted, slowed, berserked, paralysed or teleported.
You can dig through walls and to a lower floor.
You have a pair of large antennae on your head. (SInv)
Your four strong arms can wield two-handed weapons with a shield.
Your muscles are strong. (Str +4, Int/Dex -1)
You are vulnerable to heat. (rF-)
Your spells are a little easier to cast, but a little less powerful.


Message History

An iguana comes into view.
You block the goblin's attack. x2
A gnoll comes into view. It is wielding a +0 spear.
You barely miss the goblin.
You feel your willpower return. The goblin barely misses you.
The goblin hits you but does no damage.
You closely miss the goblin. The gnoll closely misses you.
The gnoll hits you but does no damage. The goblin barely misses you.
The goblin hits you but does no damage. The gnoll barely misses you.
You bludgeon the goblin!!
You kill the goblin!
Makhleb accepts your kill.
You block the gnoll's attack. x2; The gnoll closely misses you.
The gnoll attacks as you move away! The gnoll hits you with a +0 flail.
You block the gnoll's attack.
You extend your mandibles.
You dig through the rock wall.
You feel drained.
You retract your mandibles.
You barely miss the gnoll. The gnoll hits you but does no damage.
You block the gnoll's attack. x2
The gnoll hits you from afar with a +0 spear.
The gnoll barely misses you.
You barely miss the gnoll.
The gnoll hits you from afar with a +0 spear!
The gnoll closely misses you. You block the gnoll's attack.
The gnoll barely misses you. x2
You barely miss the gnoll. You block the gnoll's attack. The gnoll misses you.
The gnoll hits you with a +0 flail! The gnoll hits you but does no damage.
The gnoll hits you from afar with a +0 spear.
You barely miss the gnoll. You block the gnoll's attack.
The gnoll hits you from afar with a +0 spear.
The gnoll hits you with a +0 flail. The gnoll closely misses you.
The gnoll hits you but does no damage. The gnoll hits you with a +0 flail!
* * * LOW HITPOINT WARNING * * *
Are you sure you want to shaft yourself?
The gnoll hits you from afar with a +0 spear.
* * * LOW HITPOINT WARNING * * *
You block the gnoll's attack.
You begin to dig a shaft.
You continue digging a shaft.
The gnoll barely misses you. The gnoll hits you with a +0 flail.
You die...

..###...# ...
#......# ##....
#.....###.....#
#............#
#....)l...#
#{g.#####..#
##gg# ##g.## ..
#@#..# ...
###..# ...#
#..## ...#
#...# #..#
#...##
#...#####...##
#...#.......#
#.......#......
{
#..########....


You could see 4 gnolls.

Vanquished Creatures
  An iguana (D:4)
  2 adders
  An ufetubus (D:4)
  2 worms
  A dart slug (D:2)
  4 orcs
  5 bats
  7 endoplasms
  2 giant cockroaches
  7 goblins
  4 hobgoblins
  2 quokkas
  5 ball pythons
  2 frilled lizards
  3 kobolds
  8 rats
56 creatures vanquished.

Notes
Turn   | Place    | Note
-------+----------+-------------------------------------------
     0 | D:1      | CraigForest the Formicid Fighter began the quest for the
                  | Orb.
     0 | D:1      | Reached XP level 1. HP: 18/18 MP: 1/1
    64 | D:1      | Reached XP level 2. HP: 24/24 MP: 2/2
   705 | D:1      | Reached XP level 3. HP: 30/30 MP: 3/3
   989 | D:2      | Found a burning altar of Makhleb.
  1000 | D:2      | Became a worshipper of Makhleb the Destroyer
  1215 | D:2      | Gained mutation: Your body sometimes deteriorates upon
                  | taking damage. [potion of mutation]
  1215 | D:2      | Gained mutation: You passively dampen the noise of your
                  | surroundings. [potion of mutation]
  1215 | D:2      | Gained mutation: You occasionally shout uncontrollably at
                  | your foes. [potion of mutation]
  1216 | D:2      | Lost mutation: You passively dampen the noise of your
                  | surroundings. [potion of mutation]
  1216 | D:2      | Lost mutation: Your body sometimes deteriorates upon taking
                  | damage. [potion of mutation]
  1216 | D:2      | Lost mutation: You occasionally shout uncontrollably at
                  | your foes. [potion of mutation]
  1216 | D:2      | Gained mutation: You occasionally lose the ability to read
                  | scrolls when taking damage. [potion of mutation]
  1216 | D:2      | Gained mutation: You are agile. (Dex +4, Str/Int -1)
                  | [potion of mutation]
  1216 | D:2      | Gained mutation: You are covered in fur. (AC +1) [potion of
                  | mutation]
  1242 | D:2      | Reached XP level 4. HP: 37/37 MP: 4/4
  1388 | D:3      | Found Lemuhos's Distillery.
  1391 | D:3      | Bought a potion of curing for 36 gold pieces
  1665 | D:3      | Found a glowing silver altar of Zin.
  2018 | D:3      | Found a shadowy altar of Dithmenos.
  2366 | D:4      | Reached skill level 1 in Invocations
  2366 | D:4      | Reached XP level 5. HP: 42/42 MP: 5/5
  2373 | D:4      | Lost mutation: You are agile. (Dex +4, Str/Int -1) [potion
                  | of mutation]
  2373 | D:4      | Lost mutation: You are covered in fur. (AC +1) [potion of
                  | mutation]
  2373 | D:4      | Lost mutation: You occasionally lose the ability to read
                  | scrolls when taking damage. [potion of mutation]
  2373 | D:4      | Gained mutation: Your muscles are strong. (Str +4, Int/Dex
                  | -1) [potion of mutation]
  2373 | D:4      | Gained mutation: Your spells are a little easier to cast,
                  | but a little less powerful. [potion of mutation]
  2373 | D:4      | Gained mutation: You are vulnerable to heat. (rF-) [potion
                  | of mutation]
  2383 | D:4      | Reached * piety under Makhleb
  2462 | D:4      | HP: 1/40 [gnoll/+0 spear (5)]
  2463 | D:4      | Slain by a gnoll

Illustrated notes

Levels and vault maps discovered:
D:1:      dpeg_chamrin_arrival_tetris, layout_loops_corners
D:2:      layout_basic, basic_altar
D:3:      layout_basic, lemuel_coloured_pillars_altar, zin_academy,
          serial_shops, shop
D:4:      layout_layer_cave, minmay_temple_entry_steel_oval,
          chequers_serial_rivers_micro_c, minmay_crossroads, uniq_grinder

Skill      XL: |  1  2  3  4  5 |
---------------+----------------+-----
Invocations    | 1 |  1.4
Armour         | 4 |  4.0
Fighting       | |  3.9
Axes           | |  2.9
Maces & Flails | |  0.9
Dodging        | |  0.5
Shields        | |  4.7

Action                     |  1- 3 |  4- 6 || total
---------------------------+-------+-------++-------
  Melee: War axe           |    68 |    10 ||    78
         Flail             |       |    51 ||    51
Ability: Dig               |       |     1 ||     1
         Shaft Self        |       |     1 ||     1
    Use: Scroll            |     3 |     2 ||     5
         Potion            |     2 |     1 ||     3
 Armour: Scale mail        |    31 |    52 ||    83
  Dodge: Dodged            |    29 |    37 ||    66
  Block: Buckler           |    18 |    30 ||    48

Table legend: (Time is in decaauts)
 A = Elapsed time spent in this place.
 B = Non-inter-level travel time spent in this place.
 C = Inter-level travel time spent in this place.
 D = Time resting spent in this place.
 E = Time spent auto-exploring this place.
 F = Levels seen in this place.
 G = Mean time per level.
                   A        B        C        D        E       F      G
               +--------+--------+--------+--------+--------+-----+--------+
         Total |   2546 |   2465 |     81 |    100 |   1851 |   4 |  636.5 |
       Dungeon |   2546 |   2465 |     81 |    100 |   1851 |   4 |  636.5 |
               +--------+--------+--------+--------+--------+-----+--------+

Top non-repeatable levels by time:
     D:3: 990 daAuts
     D:1: 984 daAuts
     D:2: 433 daAuts
     D:4: 138 daAuts
